cohdb
Replays
Latest Replays
All Replays
Popular Replays
Top Player Replays
Match Explorer
How It Works
Community
CoH3 Stats
Reddit
Sign in to upload your games and track your stats! →
Sign in with Steam
Match 42787418
Unlisted
Match 42787418
Overview
Messages
Build Orders
End
Construct Infanterie Kompanie
Selects Breakthrough Battlegroup
Grenadier Squad
MG 42 Machine Gun Team
Grenadier Squad
MG 42 Machine Gun Team
Construct Panzergrenadier Kompanie
Selects Assault Grenadiers
Pak 40 Anti-tank Gun Team
Selects Smoke Bombing Run
Grenadier Squad
251 Medium Carrier
Selects Incendiary Bombing Run
GrW 34 Mortar Team
Incendiary Bombing Run
Construct Panzer Kompanie
Kettenkrad Recon Vehicle
MG 42 Machine Gun Team
Stoßtruppen Squad
Apachpl
アトリ
Delirio100k
Psycho
DeadPhoenix
Zleg
0
0
Comments
sign in to comment!
No comments posted yet!